TOP OF THE 1ST |
Mountain Pointe HS batting - Pitching for Evans HS Knights : RHP Mark Houcke
|
Pitching: RHP Mark Houcke
|
|
Batting: RHB Richard Bass
|
0-0: Ball 1-0: Called Strike 1-1: Swinging Strike 1-2: Strikes out looking
|
Batting: RHB Harry Edwards
|
0-0: Called Strike 0-1: Swinging Strike 0-2: Fly out, F2 (Popup, 25)
|
Batting: RHB Vicente Correa
|
0-0: Ball 1-0: Called Strike 1-1: Ball 2-1: Foul Ball, location: 2F 2-2: Strikes out looking
|
Top of the 1st over - 0 run(s), 0 hit(s), 0 error(s), 0 left on base; Mountain Pointe HS 0 - Evans HS 0 |
BOTTOM OF THE 1ST |
Evans HS Knights batting - Pitching for Mountain Pointe HS : LHP Jim Bridges
|
Pitching: LHP Jim Bridges
|
|
Batting: LHB Julián Icaza
|
0-0: Called Strike 0-1: Foul Ball, location: 2F 0-2: Ball 1-2: Ground out U3 (Groundball, 34S)
|
Batting: RHB Rafael Martínez
|
0-0: Called Strike 0-1: Ball 1-1: Foul Ball, location: 2F 1-2: Strikes out swinging
|
Batting: RHB Juan Valdés
|
0-0: Called Strike 0-1: Ground out 4-3 (Groundball, 4M)
|
Bottom of the 1st over - 0 run(s), 0 hit(s), 0 error(s), 0 left on base; Mountain Pointe HS 0 - Evans HS 0 |
TOP OF THE 2ND |
Mountain Pointe HS batting - Pitching for Evans HS Knights : RHP Mark Houcke
|
Batting: LHB Johnny Beach
|
0-0: Ball 1-0: Swinging Strike 1-1: Ball 2-1: Swinging Strike 2-2: SINGLE (Groundball, 4MD)
|
Batting: LHB Rob Johnson
|
0-0: Ball 1-0: Ball 2-0: Called Strike 2-1: Swinging Strike 2-2: Ground out 4-3 (Groundball, 34) Johnny Beach to second
|
Now at 2B: Andre Montgomery
|
|
Batting: SHB Larry Brantley
|
0-0: Foul Ball, location: 2F 0-1: Called Strike 0-2: Strikes out swinging
|
Batting: RHB Ambrosio Hernández
|
0-0: Foul Ball, location: 2F 0-1: Ball 1-1: Called Strike 1-2: Ball 2-2: Ball 3-2: Strikes out swinging, 2-3 out at first.
|
Top of the 2nd over - 0 run(s), 1 hit(s), 0 error(s), 1 left on base; Mountain Pointe HS 0 - Evans HS 0 |
BOTTOM OF THE 2ND |
Evans HS Knights batting - Pitching for Mountain Pointe HS : LHP Jim Bridges
|
Batting: RHB James Bennett
|
0-0: Called Strike 0-1: SOLO HOME RUN (Flyball, 7D), Distance : 392 ft
|
Batting: RHB Louis-Alexandre Lévesque
|
0-0: Ball 1-0: Foul Ball, location: 2F 1-1: Ball 2-1: Foul Ball, location: 2F 2-2: Ball 3-2: SINGLE (Groundball, 4MD)
|
Batting: RHB Gerald Hayes
|
0-0: Ball 1-0: Swinging Strike 1-1: Swinging Strike 1-2: Fly out, F6 (Line Drive, 56)
|
Batting: RHB Harvey Mawhinney
|
0-0: Ball 1-0: Foul Ball, location: 2F 1-1: Called Strike 1-2: Ball 2-2: Ball 3-2: Strikes out swinging
|
Batting: RHB Fernando Rosales
|
0-0: Foul Ball, location: 2F 0-1: Foul Ball, location: 2F 0-2: Strikes out swinging
|
Bottom of the 2nd over - 1 run(s), 2 hit(s), 0 error(s), 1 left on base; Mountain Pointe HS 0 - Evans HS 1 |
TOP OF THE 3RD |
Mountain Pointe HS batting - Pitching for Evans HS Knights : RHP Mark Houcke
|
Batting: SHB Paul Campbell
|
0-0: SINGLE (Flyball, 7LS)
|
Batting: RHB Bill Sharp
|
0-0: SINGLE (Flyball, 78S) Paul Campbell to second
|
Batting: RHB Richard Bass
|
0-0: Ball 1-0: Called Strike 1-1: Called Strike 1-2: Ball 2-2: Ball 3-2: Foul Ball, location: 2F 3-2: Base on Balls Paul Campbell to third Bill Sharp to second
|
Batting: RHB Harry Edwards
|
0-0: Ball 1-0: Foul Ball, location: 2F 1-1: Hit by Pitch Paul Campbell scores Bill Sharp to third Richard Bass to second
|
Batting: RHB Vicente Correa
|
0-0: Ball 1-0: Ball 2-0: Called Strike 2-1: Ball 3-1: Foul Ball, location: 2F 3-2: Base on Balls Bill Sharp scores Richard Bass to third Harry Edwards to second
|
Batting: LHB Johnny Beach
|
0-0: Called Strike 0-1: Ball 1-1: Ball 2-1: Called Strike 2-2: Fielders Choice at 2nd, 3-6 (Groundball, 34) Richard Bass scores Harry Edwards to third
|
Batting: LHB Rob Johnson
|
0-0: Ball 1-0: Fly out, F8 (Flyball, 8LM)
|
Batting: SHB Larry Brantley
|
0-0: Fly out, F7 (Flyball, 7LS)
|
Top of the 3rd over - 3 run(s), 2 hit(s), 0 error(s), 2 left on base; Mountain Pointe HS 3 - Evans HS 1 |
BOTTOM OF THE 3RD |
Evans HS Knights batting - Pitching for Mountain Pointe HS : LHP Jim Bridges
|
Batting: LHB Andre Montgomery
|
0-0: Called Strike 0-1: Ball 1-1: Called Strike 1-2: Ground out 5-3 (Groundball, 56)
|
Batting: LHB Julián Icaza
|
0-0: Ball 1-0: Ball 2-0: Ball 3-0: Called Strike 3-1: Base on Balls
|
Batting: RHB Rafael Martínez
|
0-0: Ball 1-0: Grounds into double play, 6-4-3 (Groundball, 6)
|
Bottom of the 3rd over - 0 run(s), 0 hit(s), 0 error(s), 0 left on base; Mountain Pointe HS 3 - Evans HS 1 |
TOP OF THE 4TH |
Mountain Pointe HS batting - Pitching for Evans HS Knights : RHP Mark Houcke
|
Batting: RHB Ambrosio Hernández
|
0-0: Ball 1-0: Called Strike 1-1: Ball 2-1: SINGLE (Groundball, 56) (infield hit)
|
Batting: SHB Paul Campbell
|
0-0: Ball 1-0: Grounds into double play, 4-6-3 (Groundball, 4)
|
Batting: RHB Bill Sharp
|
0-0: Ball 1-0: Called Strike 1-1: Fly out, F3 (Popup, 3L)
|
Top of the 4th over - 0 run(s), 1 hit(s), 0 error(s), 0 left on base; Mountain Pointe HS 3 - Evans HS 1 |
BOTTOM OF THE 4TH |
Evans HS Knights batting - Pitching for Mountain Pointe HS : LHP Jim Bridges
|
Batting: RHB Juan Valdés
|
0-0: Called Strike 0-1: Ball 1-1: Swinging Strike 1-2: Foul Ball, location: 2F 1-2: Strikes out looking
|
Batting: RHB James Bennett
|
0-0: Called Strike 0-1: Ball 1-1: Ground out 6-3 (Groundball, 6)
|
Batting: RHB Louis-Alexandre Lévesque
|
0-0: Ball 1-0: Ball 2-0: Foul Ball, location: 2F 2-1: Foul Ball, location: 2F 2-2: Foul Ball, location: 2F 2-2: Strikes out swinging
|
Bottom of the 4th over - 0 run(s), 0 hit(s), 0 error(s), 0 left on base; Mountain Pointe HS 3 - Evans HS 1 |
TOP OF THE 5TH |
Mountain Pointe HS batting - Pitching for Evans HS Knights : RHP Mark Houcke
|
Batting: RHB Richard Bass
|
0-0: Ball 1-0: Swinging Strike 1-1: Ball 2-1: Ball 3-1: Foul Ball, location: 2F 3-2: Ground out 5-3 (Groundball, 56S)
|
Batting: RHB Harry Edwards
|
0-0: Ball 1-0: Called Strike 1-1: Ball 2-1: Ball 3-1: SINGLE (Flyball, 9)
|
Batting: RHB Vicente Correa
|
0-0: Called Strike 0-1: Foul Ball, location: 2F 0-2: Ball 1-2: SINGLE (Flyball, 8LS) Harry Edwards to second
|
Pitching: RHP Rob Beck
|
|
Batting: LHB Johnny Beach
|
0-0: Swinging Strike 0-1: Ball 1-1: Foul Ball, location: 2F 1-2: Ball 2-2: Grounds into double play, 4-6-3 (Groundball, 4M)
|
Top of the 5th over - 0 run(s), 2 hit(s), 0 error(s), 1 left on base; Mountain Pointe HS 3 - Evans HS 1 |
BOTTOM OF THE 5TH |
Evans HS Knights batting - Pitching for Mountain Pointe HS : LHP Jim Bridges
|
Batting: RHB Gerald Hayes
|
0-0: Ball 1-0: Ball 2-0: Called Strike 2-1: Foul Ball, location: 2F 2-2: Strikes out swinging
|
Batting: RHB Harvey Mawhinney
|
0-0: Swinging Strike 0-1: Fly out, F7 (Flyball, 7)
|
Batting: RHB Fernando Rosales
|
0-0: Called Strike 0-1: Called Strike 0-2: Ball 1-2: Ground out 4-3 (Groundball, 4)
|
Bottom of the 5th over - 0 run(s), 0 hit(s), 0 error(s), 0 left on base; Mountain Pointe HS 3 - Evans HS 1 |
TOP OF THE 6TH |
Mountain Pointe HS batting - Pitching for Evans HS Knights : RHP Rob Beck
|
Batting: LHB Rob Johnson
|
0-0: Called Strike 0-1: Ball 1-1: Foul Ball, location: 2F 1-2: Strikes out swinging
|
Batting: SHB Larry Brantley
|
0-0: Ball 1-0: Called Strike 1-1: Called Strike 1-2: Strikes out looking
|
Batting: RHB Ambrosio Hernández
|
0-0: Called Strike 0-1: Ball 1-1: Ball 2-1: Fly out, F5 (Popup, 5)
|
Top of the 6th over - 0 run(s), 0 hit(s), 0 error(s), 0 left on base; Mountain Pointe HS 3 - Evans HS 1 |
BOTTOM OF THE 6TH |
Evans HS Knights batting - Pitching for Mountain Pointe HS : LHP Jim Bridges
|
Batting: LHB Andre Montgomery
|
0-0: Foul Ball, location: 2F 0-1: Ball 1-1: SINGLE (Line Drive, 78S)
|
Batting: LHB Julián Icaza
|
0-0: Ball 1-0: 2-RUN HOME RUN (Flyball, 89XD), Distance : 416 ft
|
Batting: RHB Rafael Martínez
|
0-0: Ball 1-0: Swinging Strike 1-1: Called Strike 1-2: Foul Ball, location: 2F 1-2: Strikes out swinging
|
Batting: RHB Juan Valdés
|
0-0: Foul Ball, location: 2F 0-1: Ball 1-1: Foul Ball, location: 2F 1-2: Ball 2-2: Reached on error, E5 (Groundball, 56S)
|
Pitching: LHP José Cruz
|
|
Batting: RHB James Bennett
|
0-0: 2-RUN HOME RUN (Flyball, 78XD), Distance : 420 ft
|
Batting: RHB Louis-Alexandre Lévesque
|
0-0: Ball 1-0: Swinging Strike 1-1: Called Strike 1-2: Fly out, F4 (Line Drive, 4)
|
Batting: RHB Gerald Hayes
|
0-0: Ball 1-0: Called Strike 1-1: Ball 2-1: Ball 3-1: Base on Balls
|
Batting: RHB Harvey Mawhinney
|
0-0: Fly out, F4 (Popup, 4D)
|
Bottom of the 6th over - 4 run(s), 3 hit(s), 1 error(s), 1 left on base; Mountain Pointe HS 3 - Evans HS 5 |
TOP OF THE 7TH |
Mountain Pointe HS batting - Pitching for Evans HS Knights : RHP Rob Beck
|
Batting: SHB Paul Campbell
|
0-0: Ball 1-0: Swinging Strike 1-1: Foul Ball, location: 2F 1-2: Strikes out swinging
|
Batting: RHB Bill Sharp
|
0-0: Ball 1-0: Foul Ball, location: 2F 1-1: Ground out 5-3 (Groundball, 56)
|
Batting: RHB Richard Bass
|
0-0: Ball 1-0: Ball 2-0: Foul Ball, location: 2F 2-1: Swinging Strike 2-2: Ball 3-2: Base on Balls
|
Batting: RHB Harry Edwards
|
0-0: Ball 1-0: Foul Ball, location: 2F 1-1: Ball 2-1: Swinging Strike 2-2: Fly out, F9 (Flyball, 89M)
|
Top of the 7th over - 0 run(s), 0 hit(s), 0 error(s), 1 left on base; Mountain Pointe HS 3 - Evans HS 5 |
BOTTOM OF THE 7TH |
Evans HS Knights batting - Pitching for Mountain Pointe HS : LHP José Cruz
|
Batting: RHB Fernando Rosales
|
0-0: Ball 1-0: Ground out 5-3 (Groundball, 56S)
|
Batting: LHB Andre Montgomery
|
0-0: Called Strike 0-1: Ball 1-1: Swinging Strike 1-2: Foul Ball, location: 2F 1-2: Fly out, F9 (Flyball, 89D)
|
Batting: LHB Julián Icaza
|
0-0: DOUBLE (Groundball, 3L)
|
Batting: RHB Rafael Martínez
|
0-0: Hit by Pitch
|
Batting: RHB Juan Valdés
|
0-0: Foul Ball, location: 2F 0-1: Fly out, F8 (Flyball, 8LM)
|
Bottom of the 7th over - 0 run(s), 1 hit(s), 0 error(s), 2 left on base; Mountain Pointe HS 3 - Evans HS 5 |
TOP OF THE 8TH |
Mountain Pointe HS batting - Pitching for Evans HS Knights : RHP Rob Beck
|
Batting: RHB Vicente Correa
|
0-0: Swinging Strike 0-1: Ball 1-1: Swinging Strike 1-2: Strikes out swinging
|
Batting: LHB Johnny Beach
|
0-0: Ball 1-0: Foul Ball, location: 2F 1-1: Ball 2-1: Swinging Strike 2-2: Foul Ball, location: 2F 2-2: Foul Ball, location: 2F 2-2: Strikes out looking
|
Batting: LHB Rob Johnson
|
0-0: Swinging Strike 0-1: Ball 1-1: Called Strike 1-2: Foul Ball, location: 2F 1-2: Ball 2-2: SINGLE (Groundball, 5D)
|
Batting: SHB Larry Brantley
|
0-0: Ball 1-0: Ball 2-0: Fly out, F8 (Flyball, 8LS)
|
Top of the 8th over - 0 run(s), 1 hit(s), 0 error(s), 1 left on base; Mountain Pointe HS 3 - Evans HS 5 |
BOTTOM OF THE 8TH |
Evans HS Knights batting - Pitching for Mountain Pointe HS : LHP José Cruz
|
Batting: RHB James Bennett
|
0-0: Ball 1-0: Ball 2-0: Ball 3-0: Called Strike 3-1: Foul Ball, location: 2F 3-2: Foul Ball, location: 2F 3-2: SOLO HOME RUN (Flyball, 7D), Distance : 387 ft
|
Pitching: RHP Mike Barnett
|
|
Batting: RHB Louis-Alexandre Lévesque
|
0-0: Called Strike 0-1: Foul Ball, location: 2F 0-2: Strikes out swinging
|
Batting: RHB Gerald Hayes
|
0-0: Called Strike 0-1: Hit by Pitch
|
Batting: RHB Harvey Mawhinney
|
0-0: Foul Ball, location: 2F 0-1: Ball 1-1: Ball 2-1: Ball Gerald Hayes steals 2nd base 3-1: Intentional Walk
|
Batting: RHB Fernando Rosales
|
0-0: Grounds into double play, 6-4-3 (Groundball, 6)
|
Bottom of the 8th over - 1 run(s), 1 hit(s), 0 error(s), 1 left on base; Mountain Pointe HS 3 - Evans HS 6 |
TOP OF THE 9TH |
Mountain Pointe HS batting - Pitching for Evans HS Knights : RHP Rob Beck
|
Pitching: LHP Joey Krause
|
|
Batting: RHB Ambrosio Hernández
|
0-0: Called Strike 0-1: Ball 1-1: Ball 2-1: Foul Ball, location: 2F 2-2: Strikes out looking
|
Batting: SHB Paul Campbell
|
0-0: Called Strike 0-1: Ball 1-1: SINGLE (Line Drive, 89S)
|
Batting: RHB Bill Sharp
|
0-0: Grounds into double play, 6-4-3 (Groundball, 6)
|
Top of the 9th over - 0 run(s), 1 hit(s), 0 error(s), 0 left on base; Mountain Pointe HS 3 - Evans HS 6 |
|